 Dungeon Crawl Stone Soup version 0.30-a0-937-ga0a21ad780 (webtiles) character file.

Game seed: 4342168742156166432

212 xian the Firebug (level 5, -5/40 HPs)
             Began as a Draconian Fire Elementalist on Mar 25, 2023.
             Slain by a gnoll
             ... wielding a +0 flail
              (9 damage)
             ... on level 3 of the Dungeon.
             The game lasted 00:06:35 (2238 turns).

xian the Firebug (Draconian Fire Elementalist)      Turns: 2238, Time: 00:06:35

Health: -5/40      AC:  5    Str: 10    XL:     5   Next: 58%
Magic:  2/9        EV: 12    Int: 17    God:
Gold:   117        SH:  0    Dex: 12    Spells: 3/10 levels left

rFire   . . .      SeeInvis .    i - staff of conjuration
rCold   . . .      Faith    .    (no shield)
rNeg    . . .      Spirit   .    (body armour unavailable)
rPois   .          Reflect  .    (helmet restricted)
rElec   .          Rampage  .    (no cloak)
rCorr   .                        (no gloves)
Will    .....                    (no boots)
Stlth   ++                       o - amulet of regeneration
HPRegen 1.06/turn                (no ring)
MPRegen 0.11/turn                (no ring)

@: no status effects
A: AC +5, unfitting armour, cold-blooded
a: no special abilities


You were on level 3 of the Dungeon.
You visited 1 branch of the dungeon, and saw 3 of its levels.

You collected 117 gold pieces.

Inventory:

Hand Weapons
 c - a +1 short sword of venom
 f - a +1 sling of freezing
Armour
 m - an orb of light
Magical Staves
 i - a staff of conjuration (weapon)
Jewellery
 k - an amulet of faith
 o - an amulet of regeneration (around neck)
Scrolls
 b - 2 scrolls of immolation {unknown}
 d - 2 scrolls of poison {unknown}
 e - 3 scrolls of teleportation {unknown}
 g - a scroll of fear {unknown}
 h - a scroll of enchant armour {unknown}
 j - a scroll of amnesia {unknown}
 n - a scroll of enchant weapon {unknown}
Potions
 a - a potion of magic
 l - a potion of might {unknown}
 p - a potion of brilliance {unknown}


   Skills:
 + Level 1.1 Fighting
 + Level 1.5 Short Blades
 + Level 2.4 Dodging
 + Level 2.1 Stealth
 + Level 3.1 Spellcasting
 + Level 2.0 Conjurations
 + Level 4.2 Fire Magic


You had 3 spell levels left.
You knew the following spells:

 Your Spells              Type           Power      Damage    Failure   Level
a - Foxfire               Conj/Fire      76%        2x1d7     4%          1
b - Scorch                Fire           34%        2d6       4%          2
c - Flame Wave            Conj/Fire      19%        2d7       43%         4

Your spell library contained the following spells:

 Spells                   Type           Power      Damage    Failure   Level
 Apportation              Tloc           4%         N/A       17%         1
 Necrotise                Necr           8%         1d4       17%         1
 Summon Small Mammal      Summ           8%         N/A       17%         1
 Inner Flame              Hex/Fire       9%         N/A       22%         3
 Kindle Blastsparks       Fire/Tloc/Air  14%        2d11      28%         3


Dungeon Overview and Level Annotations

Branches:
Dungeon (3/15)

Altars:
Wu Jian

Shops:
D:1 ?


Innate Abilities, Weirdness & Mutations

Your plain brown scales are hard. (AC +5)
You cannot fit into any form of body armour.
You are cold-blooded and may be slowed by cold attacks.


Message History

The gnoll hits you with a +0 flail!
* * * LOW HITPOINT WARNING * * *
Casting: Foxfire (safe; 4% risk of failure)
Confirm with . or Enter, or press ? or * to list all spells.
You feel a surge of power!
You conjure some foxfire!
The foxfire hits the gnoll.
The gnoll is heavily wounded.
The foxfire hits the gnoll.
The gnoll is almost dead.
The gnoll hits you with a +0 flail!
* * * LOW HITPOINT WARNING * * *
Casting: Foxfire (safe; 4% risk of failure)
Confirm with . or Enter, or press ? or * to list all spells.
You feel a surge of power!
You conjure some foxfire!
The foxfire hits the gnoll but does no damage.
The gnoll is almost dead.
The foxfire hits the gnoll.
The gnoll is almost dead.
Casting: Foxfire (safe; 4% risk of failure)
Confirm with . or Enter, or press ? or * to list all spells.
You feel a surge of power!
You conjure some foxfire!
The foxfire hits the gnoll.
The gnoll is moderately wounded.
The foxfire hits the gnoll.
The gnoll is moderately wounded.
You hit the gnoll.
The gnoll is heavily wounded.
The foxfire hits the gnoll.
The gnoll is severely wounded.
The foxfire hits the gnoll but does no damage.
The gnoll is severely wounded.
The gnoll barely misses you. The gnoll misses you.
The gnoll hits you with a +0 flail.
* * * LOW HITPOINT WARNING * * *
Unknown command.
Casting: Foxfire (safe; 4% risk of failure)
Confirm with . or Enter, or press ? or * to list all spells.
You feel a surge of power!
You conjure some foxfire!
The gnoll hits you with a +0 flail!
You die...

...................###.######
............#......#.........
............#÷##.##.....#####
..........#.##.....##.......#
...........#.............##.#
......#####...##......#..##.#
..........#...##..##..#.....#
.#.#.#g###gg.v....##...##.###
#. #.g@v.........#....# #.
#..§≈.._.........#.# #g
#..≈≈.....≈≈..##.#.# ..
#.........≈≈..##.#.# #.
..#....♣♣.....#.#.#.#
#....#....♣♣.....# #.#.#
#####.... ...... #.#.# .##...
#.#.# #..


You could see 3 gnolls.

Vanquished Creatures
  A black bear (D:2)
  6 adders
  An orc (D:2)
  2 endoplasms
  3 giant cockroaches
  10 goblins
  12 hobgoblins
  3 jackals (D:2)
  8 kobolds
  4 quokkas
  5 ball pythons
  4 bats
  3 frilled lizards
  4 rats
66 creatures vanquished.

Vanquished Creatures (others)
  163 foxfires
163 creatures vanquished.

Grand Total: 229 creatures vanquished

Notes
Turn   | Place    | Note
-------+----------+-------------------------------------------
     0 | D:1      | xian the Draconian Fire Elementalist began the quest for
                  | the Orb.
     0 | D:1      | Reached XP level 1. HP: 14/14 MP: 3/3
   115 | D:1      | Reached XP level 2. HP: 20/20 MP: 0/5
   177 | D:1      | Learned a level 2 spell: Scorch
   258 | D:1      | Found Vusybo's Magic Scroll Shop.
   537 | D:1      | Found an ornate altar of the Wu Jian Council.
   610 | D:1      | Reached XP level 3. HP: 26/26 MP: 3/6
   765 | D:2      | Reached XP level 4. HP: 34/34 MP: 2/7
   901 | D:2      | Noticed a black bear
   944 | D:1      | Reached skill level 1 in Short Blades
  1082 | D:2      | Reached skill level 4 in Fire Magic
  1323 | D:2      | Learned a level 4 spell: Flame Wave
  1417 | D:2      | Killed a black bear
  1418 | D:2      | Reached skill level 1 in Fighting
  1418 | D:2      | Reached XP level 5. HP: 39/40 MP: 0/9
  2213 | D:3      | Found an ornate altar of the Wu Jian Council.
  2238 | D:3      | Slain by a gnoll

Illustrated notes

Levels and vault maps discovered:
D:1:      sevenhm_arrival_forest_fort_small_6, layout_rooms, serial_shops,
          nicolae_shop_trees
D:2:      layout_basic, minmay_tetromino_t4
D:3:      layout_basic, lemuel_crystal_altar, nicolae_wu_jian_wuxing_cycle,
          minmay_cupped

Skill      XL: |  1  2  3  4  5 |
---------------+----------------+-----
Dodging        | 2 |  2.4
Stealth        | 2 |  2.1
Short Blades   | 1 |  1.5
Fire Magic     | 4 |  4.2
Fighting       | 1 |  1.1
Spellcasting   | 3 |  3.1
Conjurations   | 2 |  2.0

Action                     |  1- 3 |  4- 6 || total
---------------------------+-------+-------++-------
  Melee: Dagger            |    12 |       ||    12
         Tailslap          |     3 |     1 ||     4
         Short sword       |    26 |     8 ||    34
         Staff             |       |     1 ||     1
   Cast: Foxfire           |    31 |    70 ||   101
         Scorch            |     3 |     2 ||     5
   Stab: Sleeping          |     2 |       ||     2
 Armour: Skin              |    15 |    25 ||    40
  Dodge: Dodged            |    38 |    29 ||    67

Table legend: (Time is in decaauts)
 A = Elapsed time spent in this place.
 B = Non-inter-level travel time spent in this place.
 C = Inter-level travel time spent in this place.
 D = Time resting spent in this place.
 E = Time spent auto-exploring this place.
 F = Levels seen in this place.
 G = Mean time per level.
                   A        B        C        D        E       F      G
               +--------+--------+--------+--------+--------+-----+--------+
         Total |   2236 |   2163 |     73 |      0 |   1593 |   3 |  745.3 |
       Dungeon |   2236 |   2163 |     73 |      0 |   1593 |   3 |  745.3 |
               +--------+--------+--------+--------+--------+-----+--------+

Top non-repeatable levels by time:
     D:2: 1144 daAuts
     D:1: 699 daAuts
     D:3: 393 daAuts
